 Dungeon Crawl Stone Soup version 0.28.0-53-g5a82cb258f (webtiles) character file.

Game seed: 1855620800131142314

16 oldmanjim the Chucker (level 2, 28/28 HPs)
             Began as a Troll Hunter on Aug 4, 2022.
             Was a Follower of Sif Muna.
             Quit the game on level 1 of the Dungeon.
             The game lasted 00:02:02 (297 turns).

oldmanjim the Chucker (Troll Hunter)                 Turns: 297, Time: 00:02:02

Health: 28/28      AC:  4    Str: 19    XL:     2   Next: 41%
Magic:  1/1        EV:  9    Int:  7    God:    Sif Muna [*.....]
Gold:   27         SH:  0    Dex: 10    Spells: 1/1 levels left

rFire   . . .      SeeInvis .     - Unarmed
rCold   . . .      Faith    .   (no shield)
rNeg    . . .      Spirit   .   b - +0 robe
rPois   .          Reflect  .   (helmet restricted)
rElec   .          Harm     .   (no cloak)
rCorr   .          Rampage  .   (gloves unavailable)
Will    .....                   (boots unavailable)
Stlth   +.........              (no amulet)
HPRegen 0.89/turn               (no ring)
MPRegen 0.07/turn               (no ring)

@: no status effects
A: large, unfitting armour, claws 3, regeneration 1, shaggy fur 1, tough skin 1
a: Renounce Religion, Channel Magic


You were on level 1 of the Dungeon.
You worshipped Sif Muna.
Sif Muna was aware of your devotion.
You visited 1 branch of the dungeon, and saw 1 of its levels.

You collected 27 gold pieces.

Inventory:

Missiles
 c - 5 large rocks (quivered)
 d - 2 throwing nets
Armour
 b - a +0 robe (worn)
Scrolls
 a - 3 scrolls of identify {unknown}
 e - a scroll of blinking {unknown}
 f - a scroll of torment {unknown}


   Skills:
 + Level 1.9 Fighting
 + Level 3.8 Throwing
 - Level 1.5 Dodging
 - Level 0.3 Stealth
 + Level 1.0 Unarmed Combat


You had one spell level left.
You didn't know any spells.
Your spell library was empty.

Dungeon Overview and Level Annotations

Branches:
Dungeon (1/15)

Altars:
Sif Muna


Innate Abilities, Weirdness & Mutations

You are too large for most types of armour.
You have claws for hands.
Your natural rate of healing is unusually fast.
You are covered in fur. (AC +1)
You have tough skin. (AC +1)


Message History

You cannot tell which god this altar belongs to.
Convert to them anyway?
Sif Muna accepts your prayer! Sif Muna welcomes you!
You can now call upon Sif Muna for magical energy.
There is an open door here.
A goblin comes into view. It is wielding a +0 club.
The goblin shouts!
The goblin misses you.
You closely miss the goblin. The goblin hits you with a +0 club.
You closely miss the goblin. The goblin hits you but does no damage.
You scratch the goblin.
The goblin is moderately wounded.
The goblin barely misses you.
You closely miss the goblin.
The goblin is moderately wounded.
The goblin barely misses you.
You scratch the goblin.
You kill the goblin!
Sif Muna accepts your kill.
No target in view!
No target in view!
You see here a +0 club.
e - a scroll labelled BAITWIFREFO A hobgoblin comes into view.
The hobgoblin shouts!
The hobgoblin hits you but does no damage.
You scratch the hobgoblin but do no damage.
The hobgoblin closely misses you.
You barely miss the hobgoblin. The hobgoblin closely misses you.
You claw the hobgoblin!
You kill the hobgoblin!
Sif Muna accepts your kill.
No target in view!
No target in view!
You open the door.
There is an open door here.
f - a scroll labelled OTWOXI AMEDYPN
Found a mace.
Found a buckler.
Are you sure you want to abandon this character and quit the game? (Confirm with "yes".)

#.#..#......#_#..#
#.#..##+##..#.#..#
#.#..# #..#.'..#
#.#..# #..#.#..#
#.#########.######
#.................
#.....#######.#[..
#.)...# #.####
#@##### #.#
..........[....
..#
#####.#.#######
### #...# # ###


There were no monsters in sight!

Vanquished Creatures
  A gnoll (D:1)
  2 endoplasms (D:1)
  2 hobgoblins (D:1)
  A goblin (D:1)
  A kobold (D:1)
7 creatures vanquished.

Notes
Turn   | Place    | Note
-------+----------+-------------------------------------------
     0 | D:1      | oldmanjim the Troll Hunter began the quest for the Orb.
     0 | D:1      | Reached XP level 1. HP: 19/19 MP: 0/0
   162 | D:1      | Reached skill level 1 in Unarmed Combat
   162 | D:1      | Reached XP level 2. HP: 19/28 MP: 1/1
   235 | D:1      | Found a faded altar of an unknown god.
   238 | D:1      | Prayed at the altar of an unknown god.
   238 | D:1      | Became a worshipper of Sif Muna the Loreminder
   238 | D:1      | Reached * piety under Sif Muna
   297 | D:1      | Quit the game

Illustrated notes

Levels and vault maps discovered:
D:1:      minmay_arrival_five_plusses, layout_basic,
          shapermc_ecumenical_altar_mp_vishouse

Skill      XL: |  1 |
---------------+----+-----
Unarmed Combat | 1 |  1.0
Fighting       | |  1.9
Throwing       | |  3.8
Dodging        | |  1.5
Stealth        | |  0.3

Action                   || total
-------------------------++-------
Melee: Unarmed           ||    25
 Stab: Sleeping          ||     1
Armor: Robe              ||     3
Dodge: Dodged            ||    12
